 Dungeon Crawl Stone Soup version 0.17-a0-702-gb3a3556 (webtiles) character file.

64 laxity the Changer (level 4, 0/38 HPs)
             Began as a Naga Transmuter on Apr 19, 2015.
             Succumbed to an adder's poison
             ... on level 2 of the Dungeon.
             The game lasted 00:02:47 (2106 turns).

laxity the Changer (Naga Transmuter)                Turns: 2106, Time: 00:02:47

Health: 0/38       AC:  2    Str: 12    XL:     4   Next: 12%
Magic:  2/7        EV: 19    Int: 15    God:
Gold:   30         SH:  0    Dex: 16    Spells: 2 memorised, 3 levels left

rFire  . . .     SeeInvis +       - Unarmed
rCold  . . .     Clarity  .     (armour currently unavailable)
rNeg   . . .     SustAb   .     (shield currently unavailable)
rPois  x         Gourm    .     (helmet currently unavailable)
rElec  .         Spirit   .     (cloak currently unavailable)
rCorr  .         Warding  .     (gloves currently unavailable)
rMut   .         Stasis   .     (no barding)
MR     .....                    (no amulet)
Stlth  +.........               (no ring)
                                (no ring)

@: lethally poisoned (0 -> -5), spider-form (expiring), flying, not resistant to
hostile enchantments, very unstealthy
A: see invisible, (deformed body), (poison resistance), (slowness 0), spit
poison 2, AC +1
a: Spit Poison, End Transformation


You were on level 2 of the Dungeon.
You were hungry.
You were a venomous arachnid creature.
You visited 1 branch of the dungeon, and saw 2 of its levels.

You collected 30 gold pieces.

Inventory:

Missiles
 b - 12 arrows
Armour
 c - a +0 robe (melded)
Scrolls
 f - a scroll of enchant armour {unknown}
 g - a scroll of random uselessness {unknown}
 h - 2 scrolls of remove curse {unknown}
 k - a scroll of identify {unknown}
 m - 2 scrolls of noise {unknown}
Potions
 i - a potion of heal wounds {unknown}
 l - a potion of agility {unknown}
 n - a potion of cancellation {unknown}
 p - a potion of poison {unknown}
Books
 d - a book of Changes

   Spells                             Type                      Level
   a - Beastly Appendage              Transmutation                1
   b - Sticks to Snakes               Transmutation                2
   c - Spider Form                    Transmutation/Poison         3
   d - Ice Form                       Ice/Transmutation            4
   e - Blade Hands                    Transmutation                5
Comestibles
 a - a bread ration
 j - 4 chunks of flesh
 o - a slice of pizza


   Skills:
 - Level 1.0 Fighting
 - Level 1.5 Dodging
 - Level 3.0 Unarmed Combat
 - Level 2.0 Spellcasting
 + Level 4.2 Transmutations


You had 3 spell levels left.
You knew the following spells:

 Your Spells              Type           Power        Failure   Level  Hunger
a - Beastly Appendage     Trmt           ##....       14%         1    #......
b - Spider Form           Trmt/Pois      #.........   52%         3    ###....


Dungeon Overview and Level Annotations

Branches:
Dungeon (2/15)

Altars:


Innate Abilities, Weirdness & Mutations

You cannot wear boots.
((Your serpentine skin is tough (AC +1).))
You have supernaturally acute eyesight.
((Armour fits poorly on your strangely shaped body.))
((Your system is resistant to poisons.))
((You cover ground very slowly.))
You can spit poison.


Message History

* * * LOW HITPOINT WARNING * * *
You hit the adder but do no damage.
The adder is almost dead.
* * * LOW HITPOINT WARNING * * *
You feel sick.
You kill the adder!
You have reached level 4!
You feel clever. The bat barely misses you. The giant newt closely misses you.
You closely miss the giant newt.
* * * LOW HITPOINT WARNING * * *
You feel sick. The giant newt closely misses you.
The bat completely misses you.
You barely miss the giant newt. The bat closely misses you.
The bat barely misses you. The giant newt barely misses you.
Drink which item? (? for menu, Esc to quit)
It was a potion of flight.
You feel very buoyant.
You fly up into the air.
You die...

#.. #.....
####...... ........
#......## #.......#
##.......#
#..lb...#
..######.##s####
................#
.........###.##...#
...#.###)# #.#
##..# #)###.# ...#
#(.##.# #.. ##.##.#
#.##.###
#......######


You could see a bat and a giant newt.

Vanquished Creatures
  2 adders (D:2)
  A worm (D:2)
  3 giant geckos
  5 hobgoblins
  4 jackals (D:2)
  A ball python (D:2)
  4 bats
  2 giant newts (D:1)
  6 goblins
  5 kobolds
  8 rats
41 creatures vanquished.

Notes
Turn   | Place    | Note
--------------------------------------------------------------
     0 | D:1      | laxity, the Naga Transmuter, began the quest for the Orb.
     0 | D:1      | Reached XP level 1. HP: 18/18 MP: 3/3
   401 | D:1      | Reached XP level 2. HP: 25/25 MP: 5/5
  1428 | D:1      | Reached XP level 3. HP: 28/31 MP: 6/6
  1433 | D:1      | Learned a level 3 spell: Spider Form
  2029 | D:2      | Reached skill level 4 in Transmutations
  2103 | D:2      | HP: 1/31 [poisoned by an adder]
  2103 | D:2      | Reached XP level 4. HP: 1/38 MP: 2/7
  2106 | D:2      | Succumbed to an adder's poison

Action                   |  1- 3 |  4- 6 || total
-------------------------+-------+-------++-------
Melee: Unarmed           |   162 |     2 ||   164
 Cast: Beastly Appendage |     5 |       ||     5
       Spider Form       |     4 |       ||     4
  Use: Potion            |       |     1 ||     1
  Eat: Chunk             |     4 |       ||     4
